 Dungeon Crawl Stone Soup version 0.31-a0-45-g5f0c076935 (webtiles) character file.

Game seed: 1237952875644524912

2887 pokeman the Thaumaturge (level 9, 0/52 HPs)
             Began as a Deep Elf Hedge Wizard on May 21, 2023.
             Was a Priest of Vehumet.
             Succumbed to a killer bee's poison
             ... on level 7 of the Dungeon.
             The game lasted 00:19:36 (6781 turns).

pokeman the Thaumaturge (Deep Elf Hedge Wizard)     Turns: 6781, Time: 00:19:36

Health: 0/52       AC:  5    Str:  7    XL:     9   Next: 48%
Magic:  12/26      EV: 13    Int: 24    God:    Vehumet [***...]
Gold:   332        SH:  5    Dex: 19    Spells: 14/31 levels left

rFire   . . .        o - +7 sling "Baty" {drain, +Blink Dex+5}
rCold   . . .        (no shield)
rNeg    + . .        t - +2 robe {rN+}
rPois   .            c - +0 hat
rElec   .            x - +0 cloak
rCorr   .            (no gloves)
SInv    +            (no boots)
Will    .....        g - amulet of reflection
Stlth   +++          k - ring of see invisible
HPRegen 0.28/turn    (no ring)
MPRegen 0.20/turn

%: reflection
@: lethally poisoned (0 -> -1), studying Fighting
A: no striking features
a: Renounce Religion, Evoke Blink


You were on level 7 of the Dungeon.
You worshipped Vehumet.
Vehumet was most pleased with you.
You visited 2 branches of the dungeon, and saw 8 of its levels.
You also visited: Sewer and Ossuary.

You collected 342 gold pieces.
You spent 10 gold pieces at shops.

Inventory:

Hand Weapons
 h - a +1 dagger of venom
 o - the +7 sling "Baty" (weapon) {drain, +Blink Dex+5}
   (You found it on level 2 of the Dungeon)

   Dex:       It affects your dexterity (+5).
   +Blink:    It lets you blink.
 B - the +1 short sword "Coakug" {pain, Int+2 Dex-4 SInv Stlth+}
   (You found it on level 4 of the Dungeon)

   Int:       It affects your intelligence (+2).
   Dex:       It affects your dexterity (-4).
   SInv:      It lets you see invisible.
   Stlth:     It makes you more stealthy.
Missiles
 m - 4 curare-tipped darts
Armour
 c - a +0 hat (worn)
 t - a +2 robe of positive energy (worn)
 x - a +0 cloak (worn)
Jewellery
 g - an amulet of reflection (around neck)
 k - a ring of see invisible (left hand)
 C - a +6 ring of strength
Wands
 v - a wand of flame (20)
 y - a wand of mindburst (9)
 H - a wand of quicksilver (6)
 J - a wand of digging (4)
 M - a wand of iceblast (11)
Scrolls
 f - 8 scrolls of identify {unknown}
 i - 3 scrolls of vulnerability {unknown}
 j - 5 scrolls of teleportation {unknown}
 l - 3 scrolls of fog {unknown}
 p - 4 scrolls of amnesia {unknown}
 q - 2 scrolls of blinking {unknown}
 z - a scroll of silence {unknown}
 A - a scroll of noise {unknown}
 D - a scroll of poison {unknown}
 F - a scroll of summoning {unknown}
 K - a scroll of fear {unknown}
Potions
 a - a potion of brilliance {unknown}
 b - 5 potions of curing
 d - 2 potions of magic
 e - 3 potions of haste {unknown}
 n - 2 potions of invisibility {unknown}
 r - 2 potions of heal wounds {unknown}
 s - 2 potions of might {unknown}
 u - 5 potions of attraction {unknown}
 w - 2 potions of berserk rage
 E - a potion of flight {unknown}
 G - a potion of lignification {unknown}
 L - a potion of resistance {unknown}
Miscellaneous
 I - a piece from Xom's chessboard (15/15)


   Skills:
 + Level 4.1 Fighting
 - Level 3.0 Armour
 - Level 3.0 Dodging
 - Level 3.0 Stealth
 * Level 11.6 Spellcasting
 + Level 6.4 Conjurations
 - Level 2.0 Summonings
 - Level 5.0 Necromancy
 - Level 1.1 Translocations
 + Level 2.1 Ice Magic
 - Level 1.0 Air Magic
 - Level 1.0 Poison Magic
 - Level 1.0 Evocations


You had 14 spell levels left.
You knew the following spells:

 Your Spells              Type           Power      Damage    Failure   Level
a - Magic Dart            Conj           100%       1d8       1%          1
b - Mephitic Cloud        Conj/Pois/Air  27%        N/A       1%          3
c - Call Imp              Summ           46%        N/A       3%          2
d - Blink                 Tloc           38%        N/A       4%          2
e - Iskenderun's Mystic   Conj/Tloc      32%        2d8       2%          4
f - Freezing Cloud        Conj/Ice/Air   14%        6-21      9%          5

Your spell library contained the following spells:

 Spells                   Type           Power      Damage    Failure   Level
 Poisonous Vapours        Pois/Air       36%        N/A       1%          2
 Cigotuvi's Dreadful Rot  Necr/Pois/Air  50%        N/A       2%          2
 Slow                     Hex            56%        N/A       4%          1


Dungeon Overview and Level Annotations

Branches:
Dungeon (7/15)             Temple (1/1) D:4           Sewer (visited)
Ossuary (visited)

Altars:
Ashenzari
Dithmenos
Fedhas
Gozag
Hepliaklqana
Kikubaaqudgha
Nemelex Xobeh
Qazlal
Vehumet
Xom
The Shining One

Shops:
D:3 *[[


Message History

Aiming: Mephitic Cloud (safe; 1% risk of failure)
Press: ? - help, Shift-Dir - straight line, f - orc priest
Aim: an orc priest, wielding a +0 mace (chance to affect: 86%)
The ball explodes into a vile cloud!
The stinking cloud engulfs the orc priest but does no damage.
The stinking cloud engulfs the orc wizard but does no damage.
* * * LOW HITPOINT WARNING * * *
You feel sick.
The orc priest is engulfed in noxious fumes.
Unknown command.
Unknown command.
Casting: Mephitic Cloud (safe; 1% risk of failure)
Confirm with . or Enter, or press ? or * to list all spells.
Aiming: Mephitic Cloud (safe; 1% risk of failure)
Press: ? - help, Shift-Dir - straight line, f - orc priest, p - orc priest
Aim: an orc priest, wielding a +0 hand axe (chance to affect: 86%)
The ball explodes into a vile cloud!
The stinking cloud engulfs the orc priest but does no damage.
The stinking cloud engulfs the orc warrior but does no damage.
* * * LOW HITPOINT WARNING * * *
You feel sick.
The orc priest is engulfed in noxious fumes.
The orc priest appears confused.
The orc warrior is engulfed in noxious fumes.
The orc warrior unwields a +0 mace.
The orc warrior wields a +0 arbalest.
The orc warrior shoots a bolt.
You block the bolt with an invisible shield... and reflect it back!
The bolt hits the orc warrior.
The orc wizard is engulfed in noxious fumes.
The orc wizard appears confused.
A steam dragon comes into view.
Unknown command.
Casting: Mephitic Cloud (safe; 1% risk of failure)
Confirm with . or Enter, or press ? or * to list all spells.
Aiming: Mephitic Cloud (safe; 1% risk of failure)
Press: ? - help, Shift-Dir - straight line, f - orc priest, p - orc priest
Aim: an orc priest, wielding a +0 mace (chance to affect: 86%)
The ball explodes into a vile cloud!
The stinking cloud engulfs the orc priest but does no damage.
You die...

..........## .
........... ....
..........# ....
....o..... ...).
#.D.☼○☼..###.....
#...○o○☼§........
......§o○<.......
..#...§..........
#.....†@..☼☼○..
#..........☼o>.
#.........o○o..
#..........o...
..........$.....
..........$......
.................
......#########


You could see a steam dragon, an orc warrior, 2 orc priests, an orc wizard
(confused) and 3 orcs.

Vanquished Creatures
  A water moccasin (Sewer)
  Edmund (D:6)
  2 black bears
  An ice beast (D:7)
  An ogre (D:4)
  A gnoll sergeant (D:5)
  13 scorpions
  3 killer bees (D:7)
  A howler monkey (D:6)
  2 centaur zombies (Ossuary)
  2 human zombies (Ossuary)
  5 orc priests
  2 hounds
  A gnoll bouda (D:6)
  Jessica (D:2)
  An iguana (D:5)
  2 scorpion zombies (Ossuary)
  Natasha (thrice) (D:2)
  8 orc wizards
  4 mummies
  7 adders
  8 gnolls
  5 river rats (D:6)
  A shadow imp (D:6)
  2 white imps
  An ufetubus (D:5)
  5 worms
  6 dart slugs
  26 orcs
  10 ball pythons
  9 endoplasms
  5 giant cockroaches
  7 goblins
  6 hobgoblins
  A jackal (D:5)
  6 quokkas
  11 bats
  3 frilled lizards
  2 gnoll zombies (Ossuary)
  4 goblin zombies (Ossuary)
  6 hobgoblin zombies (Ossuary)
  13 kobolds
  A kobold zombie (Ossuary)
  3 orc zombies
  5 rats
208 creatures vanquished.

Vanquished Creatures (collateral kills)
  2 scorpions (Ossuary)
  A scorpion zombie (Ossuary)
  A gnoll zombie (Ossuary)
4 creatures vanquished.

Vanquished Creatures (others)
  An orc wizard (D:6)
1 creature vanquished.

Grand Total: 213 creatures vanquished

Notes
Turn   | Place    | Note
-------+----------+-------------------------------------------
     0 | D:1      | pokeman the Deep Elf Hedge Wizard began the quest for the
                  | Orb.
     0 | D:1      | Reached XP level 1. HP: 10/10 MP: 7/7
   227 | D:1      | Reached XP level 2. HP: 15/16 MP: 5/9
   776 | D:1      | Reached skill level 5 in Spellcasting
   989 | D:1      | Reached XP level 3. HP: 20/20 MP: 7/11
   996 | D:1      | Learned a level 3 spell: Mephitic Cloud
   999 | D:1      | Learned a level 2 spell: Call Imp
  1002 | D:1      | Learned a level 2 spell: Blink
  1369 | D:2      | Reached skill level 1 in Fighting
  1444 | D:2      | Noticed Natasha
  1467 | D:2      | Killed Natasha
  1468 | D:2      | Reached skill level 1 in Armour
  1468 | D:2      | Reached XP level 4. HP: 24/25 MP: 4/13
  1725 | D:2      | Noticed Natasha
  1732 | D:2      | Killed Natasha
  1809 | D:2      | Found a faded altar of an unknown god.
  1910 | D:2      | Identified the +7 sling "Baty" {drain, +Blink Dex+5}
  2200 | D:2      | Noticed Jessica
  2202 | D:2      | Killed Jessica
  2203 | D:2      | Reached skill level 6 in Spellcasting
  2203 | D:2      | Reached XP level 5. HP: 29/29 MP: 13/15
  2428 | D:2      | Noticed Natasha
  2433 | D:2      | Killed Natasha
  2478 | D:3      | Found Poxt's Antique Armour Shoppe.
  2585 | D:3      | Reached skill level 1 in Evocations
  2938 | D:3      | Reached skill level 1 in Air Magic
  2938 | D:3      | Reached skill level 1 in Poison Magic
  3042 | D:3      | Found Nantot's Armour Shoppe.
  3097 | D:3      | Found Reagrak's General Store.
  3101 | D:3      | Bought a potion of degeneration for 10 gold pieces
  3174 | D:3      | Reached XP level 6. HP: 24/34 MP: 17/17
  3487 | D:4      | Reached skill level 7 in Spellcasting
  3526 | D:4      | Found a staircase to the Ecumenical Temple.
  3539 | Temple   | Entered the Ecumenical Temple
  3606 | Temple   | Became a worshipper of Vehumet
  3982 | D:4      | Identified the +1 short sword "Coakug" {pain, Int+2 Dex-4
                  | SInv Stlth+}
  4184 | D:5      | Entered Level 5 of the Dungeon
  4275 | D:5      | Reached skill level 1 in Necromancy
  4275 | D:5      | Reached XP level 7. HP: 38/39 MP: 17/20
  4309 | D:5      | Found a sand-covered staircase.
  4341 | Ossuary  | Entered an ossuary
  4402 | Ossuary  | Reached skill level 8 in Spellcasting
  4543 | Ossuary  | Reached * piety under Vehumet
  4543 | Ossuary  | Offered knowledge of Sandblast by Vehumet.
  4629 | Ossuary  | Reached XP level 8. HP: 42/44 MP: 22/22
  4653 | Ossuary  | Reached skill level 9 in Spellcasting
  4782 | Ossuary  | Reached skill level 5 in Conjurations
  4945 | D:5      | Upgraded the game from 0.31-a0-44-g49d609d0da to
                  | 0.31-a0-45-g5f0c076935
  5173 | D:5      | Reached ** piety under Vehumet
  5174 | D:5      | Offered knowledge of Momentum Strike by Vehumet.
  5177 | D:5      | Reached skill level 10 in Spellcasting
  5465 | D:5      | Learned a level 5 spell: Freezing Cloud
  5815 | D:6      | Offered knowledge of Frozen Ramparts by Vehumet.
  5839 | D:6      | Found a glowing drain.
  5847 | Sewer    | Entered a sewer
  5902 | Sewer    | Reached XP level 9. HP: 49/49 MP: 21/25
  6048 | D:6      | Reached *** piety under Vehumet
  6048 | D:6      | Noticed Edmund
  6066 | D:6      | Killed Edmund
  6067 | D:6      | Reached skill level 5 in Necromancy
  6113 | D:6      | Reached skill level 11 in Spellcasting
  6361 | D:6      | Reached skill level 1 in Ice Magic
  6439 | D:6      | Offered knowledge of Iskenderun's Mystic Blast by Vehumet.
  6445 | D:6      | Learned a level 4 spell: Iskenderun's Mystic Blast
  6779 | D:7      | HP: 2/52 [poisoned by a killer bee]
  6781 | D:7      | Succumbed to a killer bee's poison

Illustrated notes

Levels and vault maps discovered:
D:1:      sevenhm_arrival_forest_fort_small_6, layout_loops_ring,
          roderic_serpentine_path, grunt_decor_arrowhead, minmay_pentomino_x4
D:2:      minmay_chambers_of_ones, layout_basic,
          hellmonk_ecumenical_altar_prayer_group, uniq_jessica, uniq_natasha
D:3:      layout_basic, serial_shops, nicolae_shop_tiny_statue_garden, shop,
          nicolae_shop_back_alley_shop
D:4:      layout_loops_ring, minmay_temple_entry_ruins,
          kennysheep_generic_room_15
D:5:      kb_forest_paths, layout_basic, nicolae_ossuary_entry_giza,
          hangedman_abyss_or_decor_lesser_grid, minmay_manual_mess
D:6:      layout_loops_ring, lightli_sewer_entry_pipes, uniq_edmund
D:7:      layout_rooms, nicolae_ru_sacrificial_ziggurat, uniq_duvessa
Temple:   jpeg_temple_clearing

Skill      XL: |  1  2  3  4  5  6  7  8  9 |
---------------+----------------------------+-----
Spellcasting   | 5 6 7 8 10 11 | 11.6
Fighting       | 1 2 4 |  4.1
Armour         | 1 2 3 |  3.0
Conjurations   | 2 3 4 5 6 |  6.4
Dodging        | 3 |  3.0
Stealth        | 3 |  3.0
Evocations     | 1 |  1.0
Air Magic      | 1 |  1.0
Poison Magic   | 1 |  1.0
Summonings     | 2 |  2.0
Necromancy     | 1 2 4 5 |  5.0
Ice Magic      | 2 |  2.1
Translocations | |  1.1

Action                     |  1- 3 |  4- 6 |  7- 9 || total
---------------------------+-------+-------+-------++-------
  Melee: Dagger            |    10 |    15 |       ||    25
   Fire: Sling             |       |   101 |   306 ||   407
   Cast: Magic Dart        |    77 |    22 |    25 ||   124
         Mephitic Cloud    |     2 |     8 |    22 ||    32
         Call Imp          |       |     2 |     5 ||     7
         Blink             |       |     2 |     1 ||     3
         Iskenderun's Myst |       |       |     2 ||     2
    Use: Potion            |       |       |     1 ||     1
   Stab: Confused          |     1 |     3 |       ||     4
 Armour: Robe              |     3 |     8 |    57 ||    68
  Dodge: Dodged            |     8 |    17 |   116 ||   141
  Block: Other             |     4 |     3 |    37 ||    44
         Reflection        |       |       |     1 ||     1

Table legend: (Time is in decaauts)
 A = Elapsed time spent in this place.
 B = Non-inter-level travel time spent in this place.
 C = Inter-level travel time spent in this place.
 D = Time resting spent in this place.
 E = Time spent auto-exploring this place.
 F = Levels seen in this place.
 G = Mean time per level.
                   A        B        C        D        E       F      G
               +--------+--------+--------+--------+--------+-----+--------+
         Total |   6975 |   6802 |    173 |    249 |   4991 |  10 |  697.5 |
       Dungeon |   6114 |   5951 |    163 |    249 |   4533 |   7 |  873.4 |
        Temple |     78 |     68 |     10 |      0 |     52 |   1 |   78.0 |
         Sewer |    136 |    136 |      0 |      0 |     50 |   1 |  136.0 |
       Ossuary |    645 |    645 |      0 |      0 |    356 |   1 |  645.0 |
               +--------+--------+--------+--------+--------+-----+--------+

Top non-repeatable levels by time:
     D:1: 1445 daAuts
     D:2: 1026 daAuts
     D:3: 1020 daAuts
     D:6: 993 daAuts
     D:5: 955 daAuts
     D:4: 650 daAuts
 Ossuary: 645 daAuts
   Sewer: 136 daAuts
  Temple: 78 daAuts
     D:7: 22 daAuts
